 Dungeon Crawl Stone Soup version 0.20-a0-899-g09a9bfb (webtiles) character file.

166 4thArraOfDagon the Chopper (level 5, -2/40 HPs)
             Began as a Demigod Wanderer on Mar 18, 2017.
             Killed by nerve-wracking pain
             ... invoked by Grinder
              (10 damage)
             ... on level 5 of the Dungeon.
             The game lasted 00:05:19 (1098 turns).

4thArraOfDagon the Chopper (Demigod Wanderer)       Turns: 1098, Time: 00:05:20

Health: -2/40      AC:  9    Str: 12    XL:     5   Next: 2%
Magic:  7/7        EV:  6    Int: 16    God:
Gold:   33         SH:  0    Dex: 24    Spells: 4/4 levels left

rFire    . . .     SeeInvis .   a - +2 hand axe
rCold    . . .     Gourm    .   n - +0 chain mail
rNeg     . . .     Faith    .   (no shield)
rPois    .         Spirit   .   (helmet restricted)
rElec    .         Reflect  .   (no cloak)
rCorr    .         Harm     .   (no gloves)
MR       .....                  (no boots)
Stlth    ..........             (no amulet)
Regen    0.2/turn               (no ring)
MPRegen  0.1/turn               g - ring of loudness (curse)

@: no status effects
A: horns 1, thin skeletal structure 1, agile 1, high mp 1
a: no special abilities


You were on level 5 of the Dungeon.
You were hungry.

You visited 1 branch of the dungeon, and saw 5 of its levels.

You collected 33 gold pieces.

Inventory:

Hand Weapons
 a - a +2 hand axe (weapon)
 b - a +0 mace
 e - a +0 dagger
Armour
 d - a +0 robe
 j - a +0 ring mail
 n - a +0 chain mail (worn)
Jewellery
 g - a cursed ring of loudness (left hand)
Potions
 i - 3 potions of magic
Comestibles
 f - a bread ration
 k - 3 fruits


   Skills:
 - Level 1.0 Fighting
 * Level 3.8(4.0) Axes
 - Level 1.7(3.0) Maces & Flails
 + Level 3.7 Armour
 + Level 1.5 Dodging
 - Level 1.7 Stealth


You had 4 spell levels left.
You didn't know any spells.

Dungeon Overview and Level Annotations

Branches:
Dungeon (5/15)
 Temple: D:4-7

Shops:
D:4 [

Annotations:
D:5 Grinder, Prince Ribbit


Innate Abilities, Weirdness & Mutations

You have an increased reservoir of magic. (+10% MP)
You have a pair of small horns on your head.
You have a somewhat thin skeletal structure. (Dex +2, Stealth)
You are agile. (Dex +2)


Message History

Unknown command.
You feel better. Grinder hits you but does no damage.
Unknown command.
You hit Grinder.
Grinder is severely wounded.
Grinder gestures at you. Pain shoots through your body!
You barely miss Grinder. You headbutt Grinder.
Grinder is severely wounded.
Grinder hits you.
* * * LOW HITPOINT WARNING * * *
You writhe in agony.
* * * LOW HITPOINT WARNING * * *
Unknown command.
Unknown command.
You closely miss Grinder.
Grinder is severely wounded.
Grinder gestures at you. Pain shoots through your body!
You die...

####### ########
#.....# #....5.#
#.# #.#####
##.## #.#
#.5@..# ##...##
# #.###.###(#
##.....##.#.
##########.....#
#.# #......a...a
#.........##.###
#.#
##..5.ยง##...
#.#######.##.#
#.# #....## #.
#.# #.##.# #5#
#.#.## #.#
#.##.# #.# #.#a#
#.# #.##.# #.#
#.#.# #.# #.##.#
#.# #.#.#


You could see Grinder.

Vanquished Creatures
  A phantom (D:4)
  A hound (D:4)
  A worker ant (D:5)
  An adder skeleton (D:4)
  A dart slug (D:1)
  4 orcs
  A giant cockroach (D:3)
  2 hobgoblins (D:3)
  A quokka (D:4)
  2 bats (D:3)
  A frilled lizard (D:4)
  A jackal skeleton (D:4)
  A kobold (D:3)
  2 rats
20 creatures vanquished.

Notes
Turn   | Place    | Note
-------+----------+-------------------------------------------
     0 | D:1      | 4thArraOfDagon the Demigod Wanderer began the quest for the Orb.
     0 | D:1      | 4thArraOfDagon set off with: a +2 hand axe, a +0 mace, a potion of curing, a +0 robe, a +0 dagger, a bread ration
     0 | D:1      | Reached XP level 1. HP: 16/16 MP: 3/3
   109 | D:3      | Found a hide-covered altar of Uskayaw.
   276 | D:4      | Noticed a scorpion
   325 | D:4      | Gained mutation: You are agile. (Dex +2) [potion of mutation]
   325 | D:4      | Gained mutation: You have a pair of small horns on your head. [potion of mutation]
   325 | D:4      | Gained mutation: You have a somewhat thin skeletal structure. (Dex +2, Stealth) [potion of mutation]
   339 | D:4      | Noticed a hound
   343 | D:4      | Killed a hound
   343 | D:4      | Reached XP level 2. HP: 16/23 MP: 4/4
   343 | D:4      | Reached XP level 3. HP: 19/28 MP: 5/5
   439 | D:4      | Noticed a phantom
   741 | D:5      | Entered Level 5 of the Dungeon
   741 | D:5      | Found a blossoming altar of Fedhas.
   741 | D:5      | Noticed Prince Ribbit
   852 | D:4      | Found Hibo's Armour Emporium.
   888 | D:4      | Killed a phantom
   888 | D:4      | Reached skill level 1 in Dodging
   888 | D:4      | Reached XP level 4. HP: 28/35 MP: 6/6
  1013 | D:5      | Noticed Grinder
  1052 | D:5      | Reached XP level 5. HP: 40/40 MP: 7/7
  1077 | D:5      | Paralysed by Grinder for 7 turns
  1088 | D:5      | Paralysed by Grinder for 6 turns
  1098 | D:5      | Killed from afar by Grinder

Vault maps used:
D:1:      eino_arrival_cavern_a
D:2:      vehumet_crystals, led_sif_pool, first_bread, uniq_iyjb
D:3:      lemuel_zombie_altar_kikubaaqudgha, nicolae_dithmenos_shadow_blocks,
          marbit_many_paths
D:4:      serial_shops, nicolae_shop_behind_doors, hangedman_feature_mirror
D:5:      old_standard_altar, uniq_grinder, uniq_prince_ribbit1,
          uniq_crazy_yiuf_cottage

Skill      XL: |  1  2  3 |
---------------+----------+-----
Axes           | 2 3 |  3.8
Armour         | 3 |  3.7
Dodging        | 1 |  1.5
Fighting       | |  1.0
Maces & Flails | |  1.7
Stealth        | |  1.7

Action                   |  1- 3 |  4- 6 || total
-------------------------+-------+-------++-------
Melee: Hand axe          |    63 |    31 ||    94
       Headbutt          |    13 |     5 ||    18
Throw: Tomahawk          |       |     2 ||     2
  Use: Scroll            |     2 |       ||     2
       Potion            |     3 |     5 ||     8
 Stab: Sleeping          |     1 |       ||     1
Armor: Ring mail         |    13 |       ||    13
       Robe              |     1 |       ||     1
       Chain mail        |     2 |    10 ||    12
       Skin              |       |    15 ||    15
Dodge: Dodged            |    30 |     3 ||    33
